AoeStats
← alexmavrovic

Oasis

507709746Analyzed
3v3 RM · 14d ago on Sep 19, 2026· 15m 43s· 6 players
Game mode
Random Map
Map size
Normal (6 player)
Population
200
Speed
Normal
Resources
Standard
Victory
Conquest
Starting age
Dark Age
Ending age
Imperial Age
RankedLock teamsTeams togetherTeam positionsShared explorationLock speedFull tech treeHidden civsTurbo modeCheats
Victory
Defeat
🇫🇷 Japanese · France
1352
+9
🇫🇷 Britons · France
1075
+20
🇫🇷 Gurjaras · France
972
+23
🇨🇦 Romans · Canada
1205
-19
🇨🇱 Franks · Chile
1186
-18
🇦🇺 Vikings · Australia
1103
-15
kiara.g
11:10 Feudal Age
12:37 Loom
15:33 Castle Age
14:09 Double-Bit Axe
FPS Pyrro
7:17 Loom
9:41 Feudal Age
15:45 Fletching
Balgrudor
6:19 Loom
9:43 Feudal Age
9:48 Man-at-Arms
12:45 Fletching
16:13 Wheelbarrow
15:26 Double-Bit Axe
15:21 Horse Collar
alexmavrovic
7:56 Loom
10:38 Feudal Age
12:00 Man-at-Arms
Unchained96
5:49 Loom
8:52 Feudal Age
9:22 Double-Bit Axe
11:40 Horse Collar
DaN_L
4:06 Loom
9:33 Loom
11:41 Feudal Age
16:25 Castle Age
15:12 Double-Bit Axe
Connection lost

Rejoining the realm…

Still unreachable

The connection could not be restored.

Session expired

The server has moved on; the page needs a fresh start.